 Dungeon Crawl Stone Soup version 0.29-a0-234-g0dae59b3db (webtiles) character file.

Game seed: 9205497732583690101

2095 bande the Chopper (level 9, -10/55 HPs)
             Began as a Gargoyle Fighter on Mar 2, 2022.
             Was a Priest of Okawaru.
             Mangled by an orc warrior
             ... wielding a +0 halberd
              (14 damage)
             ... on level 6 of the Dungeon.
             The game lasted 00:10:24 (5627 turns).

bande the Chopper (Gargoyle Fighter)                Turns: 5627, Time: 00:10:25

Health: -10/55     AC: 16    Str: 19 (20) XL:     9   Next: 27%
Magic:  12/12      EV:  9    Int:  7 (9)  God:    Okawaru [***...]
Gold:   238        SH:  0    Dex: 16 (19) Spells: 8/8 levels left

rFire   . . .      SeeInvis .   a - +0 war axe
rCold   . . .      Faith    .   c - +0 buckler
rNeg    + . .      Spirit   .   b - +0 scale mail
rPois   ∞          Reflect  .   e - +1 hat
rElec   +          Harm     .   k - +0 cloak
rCorr   .          Rampage  .   (no gloves)
Will    .....                   (no boots)
Stlth   ..........              (no amulet)
HPRegen 0.18/turn               n - +6 ring of dexterity
MPRegen 0.13/turn               (no ring)

@: confused, brilliant
A: sickness immunity, AC +6, negative energy resistance 1, electricity
resistance, torment resistance 1, petrification resistance
a: Renounce Religion, Heroism


You were on level 6 of the Dungeon.
You worshipped Okawaru.
Okawaru was most pleased with you.
You visited 2 branches of the dungeon, and saw 7 of its levels.

You collected 238 gold pieces.

Inventory:

Hand Weapons
 a - a +0 war axe (weapon)
 p - a +1 morningstar of holy wrath
Armour
 b - a +0 scale mail (worn)
 c - a +0 buckler (worn)
 e - a +1 hat (worn)
 k - a +0 cloak (worn)
Jewellery
 h - an amulet of magic regeneration
 n - a +6 ring of dexterity (left hand)
Wands
 s - a wand of digging (1)
Scrolls
 t - a scroll of fear {unknown}
 v - a scroll of identify
 w - a scroll of teleportation
Potions
 d - 2 potions of might
 f - 2 potions of haste
 g - a potion of invisibility
 i - a potion of cancellation
 j - a potion of brilliance
 l - 2 potions of magic {unknown}
 m - a potion of lignification {unknown}
 o - a potion of heal wounds
 q - a potion of mutation {unknown}
 r - 2 potions of degeneration
 u - 2 potions of curing


   Skills:
 + Level 5.6 Fighting
 + Level 7.7 Axes
 + Level 6.0 Armour
 + Level 5.1 Shields
 * Level 4.4 Invocations
 * Level 1.2 Evocations


You had 8 spell levels left.
You didn't know any spells.
Your spell library contained the following spells:

 Spells                   Type           Power      Damage    Failure   Level
 Beastly Appendage        Tmut           0%         N/A       86%         1
 Wereblood                Tmut           0%         N/A       94%         2
 Confusing Touch          Hex            0%         N/A       99%         3
 Spider Form              Tmut/Pois      0%         N/A       99%         3
 Yara's Violent Unravell  Hex/Tmut       0%         3d3       100%        5
 Enfeeble                 Hex            0%         N/A       100%        7


Dungeon Overview and Level Annotations

Branches:
Dungeon (6/15)             Temple (1/1) D:4

Altars:
Cheibriados
Dithmenos
Elyvilon
Gozag
Hepliaklqana
Kikubaaqudgha
Okawaru
Qazlal
Wu Jian
Xom
Zin
The Shining One

Shops:
D:6 (


Innate Abilities, Weirdness & Mutations

You are immune to sickness and miasma.
Your stone body is resilient. (AC +6)
You are immune to poison.
You resist negative energy. (rN+)
You are resistant to electric shocks. (rElec)
You are resistant to unholy torment.
You are immune to petrification.


Message History

The orc warrior hits you from afar with a +0 halberd!
* * * LOW HITPOINT WARNING * * *
It was a potion of brilliance.
You feel clever all of a sudden.
You hear some strange, mumbled words.
A puff of flame appears from out of thin air!
The puff of flame hits you.
* * * LOW HITPOINT WARNING * * *
The orc warrior barely misses you.
It was a potion of degeneration.
There was something very wrong with that liquid.
You feel weakened.
You feel dopey.
You feel clumsy. Something hits you but does no damage.
The orc warrior barely misses you.
It was a potion of curing.
You feel better. Something hits you.
* * * LOW HITPOINT WARNING * * *
The orc warrior hits you from afar with a +0 halberd!
* * * LOW HITPOINT WARNING * * *
It was a potion of heal wounds.
You feel much better. Something hits you.
The orc warrior hits you but does no damage.
Something hits you but does no damage. The orc warrior barely misses you.
You see here a +0 dagger.
Something hits you but does no damage.
The orc warrior hits you with a +0 halberd!
You closely miss the orc warrior. You closely miss something.
Something hits you but does no damage.
The orc warrior hits you but does no damage.
You barely miss the orc warrior. You slash something!
You hear some strange, mumbled words.
You are confused.
The orc warrior hits you with a +0 halberd!
A magic dart appears from out of thin air!
The magic dart hits you but does no damage.
The orc warrior hits you with a +0 halberd!
* * * LOW HITPOINT WARNING * * *
The orc warrior hits you from afar with a +0 halberd.
* * * LOW HITPOINT WARNING * * *
You hear some strange, mumbled words.
Something tries to affect you, but you resist.
The orc warrior hits you from afar with a +0 halberd!
You die...

.........# ##
........## #
........## ###
###......## #..
###..).)###### #.#
##... ##..).......
#.# #...#
#.o........ #.#
#...# ##.........
#.# #...#
#..@....... #.#
....####
#...######. #.#
.......##### #...#
##.#
...........###..##
#...
......###....#...
#...
.......####..##..
##... .......##
#.>#### #....
........# #.##
##.#.#
........###.#
###..#.#


You could see an orc warrior.

Vanquished Creatures
  Pikel (D:5)
  Grinder (D:4)
  Edmund (D:5)
  A sky beast (D:5)
  A black bear (D:4)
  2 ice beasts (D:6)
  A bullfrog (D:6)
  5 necrophages
  A scorpion (D:6)
  A howler monkey (D:5)
  An orc priest (D:6)
  A jelly (D:4)
  3 hounds
  3 iguanas
  Natasha (thrice) (D:4)
  3 orc wizards (D:6)
  9 adders
  An ufetubus (D:6)
  A worm (D:2)
  A dart slug (D:4)
  10 orcs
  3 endoplasms
  5 giant cockroaches
  4 goblins
  5 hobgoblins
  8 kobolds
  4 quokkas
  7 ball pythons
  11 bats
  2 frilled lizards (D:3)
  5 rats
105 creatures vanquished.

Notes
Turn   | Place    | Note
-------+----------+-------------------------------------------
     0 | D:1      | bande the Gargoyle Fighter began the quest for the Orb.
     0 | D:1      | Reached XP level 1. HP: 14/14 MP: 1/1
   265 | D:1      | Reached XP level 2. HP: 19/19 MP: 2/2
   330 | D:1      | Reached skill level 2 in Axes
   347 | D:1      | You fall into a shaft and drop 1 floor!
   513 | D:1      | Found a faded altar of an unknown god.
  1073 | D:2      | Reached XP level 3. HP: 15/23 MP: 3/3
  1638 | D:3      | Reached XP level 4. HP: 28/29 MP: 4/4
  1861 | D:3      | Reached skill level 3 in Axes
  2147 | D:4      | Reached XP level 5. HP: 26/33 MP: 5/5
  2173 | D:4      | Noticed a black bear
  2184 | D:4      | Killed a black bear
  2185 | D:4      | Reached skill level 4 in Axes
  2287 | D:4      | Found a staircase to the Ecumenical Temple.
  2323 | D:4      | Noticed Grinder
  2327 | D:4      | Killed Grinder
  2328 | D:4      | Reached skill level 5 in Axes
  2328 | D:4      | Reached XP level 6. HP: 39/39 MP: 6/6
  2363 | Temple   | Entered the Ecumenical Temple
  2422 | Temple   | Became a worshipper of Warmaster Okawaru
  2450 | D:4      | Noticed Natasha
  2456 | D:4      | Killed Natasha
  2484 | D:4      | Reached XP level 7. HP: 44/44 MP: 7/7
  2587 | D:4      | Noticed Natasha
  2594 | D:4      | Killed Natasha
  2847 | D:4      | Reached skill level 1 in Invocations
  2939 | D:4      | Found a large runed translucent door.
  2940 | D:4      | Found a large runed translucent door.
  2967 | D:4      | Noticed Natasha
  2978 | D:4      | Killed Natasha
  3221 | D:4      | Found an ornate altar of the Wu Jian Council.
  3232 | D:4      | Found an ancient bone altar of Kikubaaqudgha.
  3271 | D:5      | Entered Level 5 of the Dungeon
  3436 | D:5      | Found a glowing silver altar of Zin.
  3455 | D:5      | Noticed Pikel
  3468 | D:5      | Killed Pikel
  3468 | D:5      | Reached * piety under Okawaru
  3468 | D:5      | Reached ** piety under Okawaru
  3469 | D:5      | Reached skill level 5 in Fighting
  3469 | D:5      | Reached skill level 6 in Axes
  3469 | D:5      | Reached skill level 5 in Armour
  3469 | D:5      | Reached XP level 8. HP: 36/49 MP: 8/10
  3557 | D:5      | Found an opulent altar of Gozag.
  3778 | D:5      | Found a stormy altar of Qazlal.
  4130 | D:5      | Noticed Edmund
  4141 | D:5      | Killed Edmund
  4370 | D:5      | Reached skill level 5 in Shields
  4510 | D:6      | Reached skill level 7 in Axes
  4865 | D:6      | Reached XP level 9. HP: 53/54 MP: 10/12
  5005 | D:6      | Found Goimn's Weapon Shoppe.
  5358 | D:6      | Reached skill level 1 in Evocations
  5452 | D:6      | Reached *** piety under Okawaru
  5617 | D:6      | HP: 1/55 [something/puff of flame (5)]
  5627 | D:6      | Mangled by an orc warrior

Illustrated notes

Levels and vault maps discovered:
D:1:      amcnicky_arrival_blooded_trapdoor, layout_basic,
          basic_ecumenical_altar, hangedman_decor_points
D:2:      layout_basic
D:3:      layout_rooms
D:4:      layout_rooms, jmf_multi_god_temple2, minmay_temple_entry_butterflies,
          uniq_grinder, uniq_natasha
D:5:      layout_loops_corners, pdpol_temple_overflow_zin_treasury_gozag_greed,
          mainiacjoe_overflow_surrounded_room, nrook_mini_backslash,
          uniq_edmund, uniq_pikel
D:6:      minmay_general_purpose_star, layout_layer_cave, serial_shops,
          nicolae_take_the_stairs, chequers_serial_rivers_marsh
Temple:   jpeg_temple_island

Skill      XL: |  1  2  3  4  5  6  7  8  9 |
---------------+----------------------------+-----
Axes           | 2 3 5 6 7 |  7.7
Shields        | 4 5 |  5.1
Fighting       | 4 5 |  5.6
Armour         | 4 5 6 |  6.0
Invocations    | 2 4 |  4.4
Evocations     | 1 |  1.2

Action                   |  1- 3 |  4- 6 |  7- 9 || total
-------------------------+-------+-------+-------++-------
Melee: War axe           |    89 |    72 |   205 ||   366
  Use: Scroll            |     4 |     3 |     3 ||    10
       Potion            |       |       |     4 ||     4
Armor: Scale mail        |    60 |    43 |   132 ||   235
Dodge: Dodged            |    46 |    47 |   101 ||   194
Block: Buckler           |    25 |    30 |    56 ||   111

Table legend: (Time is in decaauts)
 A = Elapsed time spent in this place.
 B = Non-inter-level travel time spent in this place.
 C = Inter-level travel time spent in this place.
 D = Time resting spent in this place.
 E = Time spent auto-exploring this place.
 F = Levels seen in this place.
 G = Mean time per level.
                   A        B        C        D        E       F      G
               +--------+--------+--------+--------+--------+-----+--------+
         Total |   5778 |   5715 |     63 |   1277 |   3193 |   7 |  825.4 |
       Dungeon |   5706 |   5643 |     63 |   1277 |   3144 |   6 |  951.0 |
        Temple |     71 |     71 |      0 |      0 |     49 |   1 |   71.0 |
               +--------+--------+--------+--------+--------+-----+--------+

Top non-repeatable levels by time:
     D:5: 1327 daAuts
     D:4: 1113 daAuts
     D:6: 1061 daAuts
     D:2: 1031 daAuts
     D:1: 620 daAuts
     D:3: 551 daAuts
  Temple: 71 daAuts
